 Dungeon Crawl Stone Soup version 0.20.1-1-g8b1a95d (webtiles) character file.

24956 Jannitor the Frost Mage (level 13, -2/111 HPs)
             Began as a Naga Ice Elementalist on Aug 26, 2017.
             Slain by a six-headed hydra (16 damage)
             ... on level 6 of the Lair of Beasts.
             The game lasted 01:07:54 (21159 turns).

Jannitor the Frost Mage (Naga Ice Elementalist)    Turns: 21159, Time: 01:07:54

Health: -2/111     AC: 15    Str: 11    XL:     13   Next: 16%
Magic:  12/26      EV:  9    Int: 20    God:    Xom [.*....]
Gold:   706        SH:  9    Dex: 12    Spells: 2/31 levels left

rFire    . . .     SeeInvis +   E - staff of cold
rCold    + + .     Gourm    .   T - +0 buckler
rNeg     + . .     Faith    .   x - +0 robe
rPois    +         Spirit   .   (helmet restricted)
rElec    .         Reflect  .   H - +1 cloak
rCorr    .         Harm     .   L - +0 pair of gloves
MR       ++...     Clarity  +   J - +0 naga barding
Stlth    ++++......             (no amulet)
Regen    0.3/turn               u - ring of protection from cold
MPRegen  0.2/turn               W - ring of positive energy

@: very slow
A: horns 1, stinger 1, large bone plates 1, yellow scales 1, see invisible,
clarity, deformed body, magic resistance 1, poison resistance, shaggy fur 1,
slowness 2, slow metabolism 1, spit poison 1, evolution 1, constrict 1, AC +4
a: Spit Poison, Renounce Religion


You were on level 6 of the Lair of Beasts.
You worshipped Xom.
You were a plaything of Xom.
You were hungry.

You visited 3 branches of the dungeon, and saw 16 of its levels.
You also visited: Ossuary.

You collected 706 gold pieces.

Inventory:

Hand Weapons
 a - a +0 lajatang
 g - a +1 dagger of speed
 h - a +0 dagger
 w - a +1 dagger of draining
 y - a +3 vampiric rapier
Armour
 l - a +2 helmet
 x - a +0 robe (worn)
 H - a +1 cloak (worn)
 J - a +0 naga barding (worn)
 L - a +0 pair of gloves (worn)
 T - a +0 buckler (worn)
Magical Staves
 E - an uncursed staff of cold (weapon)
Jewellery
 e - an uncursed ring of flight
 m - an uncursed amulet of guardian spirit
 u - a ring of protection from cold (left hand)
 v - an uncursed ring of protection from cold
 G - a +2 ring of strength
 W - a ring of positive energy (right hand)
Wands
 o - a wand of polymorph (10/24)
 q - a wand of iceblast (9/15)
 r - a wand of paralysis (0/24)
 z - a wand of polymorph (11/24)
 C - a wand of acid (4/15)
 O - a wand of scattershot (6/9)
 P - a wand of disintegration (16/24)
 R - a wand of iceblast (6/15)
 S - a wand of acid (10/15)
Scrolls
 d - 16 scrolls of identify
 f - 13 scrolls of remove curse
 i - 5 scrolls of teleportation
 j - 2 scrolls of fog
 I - 4 scrolls of recharging
 K - 4 scrolls of magic mapping
 M - a scroll of amnesia
Potions
 k - 7 potions of curing
 A - a potion of lignification
 D - 2 potions of might
 F - a potion of magic
 N - 2 potions of cancellation
 V - a potion of heal wounds
 Y - a potion of agility {unknown}
Books
 b - a book of Frost

   Spells                             Type                      Level
   a - Freeze                         Ice                          1
   b - Throw Frost                    Conjuration/Ice              2
   c - Ozocubu's Armour               Charms/Ice                   3
   d - Throw Icicle                   Conjuration/Ice              4
   e - Summon Ice Beast               Ice/Summoning                4
 p - a book of Death

   Spells                             Type                      Level
   a - Corpse Rot                     Necromancy                   2
   b - Sublimation of Blood           Necromancy                   2
   c - Agony                          Necromancy                   5
   d - Dispel Undead                  Necromancy                   5
   e - Excruciating Wounds            Charms/Necromancy            5
   f - Bolt of Draining               Conjuration/Necromancy       5
 t - a book of Cantrips

   Spells                             Type                      Level
   a - Confusing Touch                Hexes                        1
   b - Animate Skeleton               Necromancy                   1
   c - Summon Small Mammal            Summoning                    1
   d - Apportation                    Translocation                1
 Q - a book of Ice

   Spells                             Type                      Level
   a - Ice Form                       Ice/Transmutation            4
   b - Metabolic Englaciation         Hexes/Ice                    5
   c - Ozocubu's Refrigeration        Ice                          6
   d - Bolt of Cold                   Conjuration/Ice              6
   e - Freezing Cloud                 Conjuration/Ice/Air          6
   f - Simulacrum                     Ice/Necromancy               6
Comestibles
 c - 5 bread rations
 n - 21 fruits
 s - 11 royal jellies
 B - 7 meat rations


   Skills:
 + Level 5.7 Fighting
 + Level 7.1 Staves
 + Level 4.4 Dodging
 - Level 9.2 Stealth
 - Level 5.3 Shields
 + Level 9.8 Spellcasting
 - Level 4.4 Conjurations
 - Level 2.6 Summonings
 - Level 4.1 Necromancy
 + Level 11.3 Ice Magic
 - Level 5.0 Evocations


You had 2 spell levels left.
You knew the following spells:

 Your Spells              Type           Power        Failure   Level  Hunger
a - Freeze                Ice            ####         1%          1    None
b - Ozocubu's Armour      Chrm/Ice       #####...     1%          3    None
c - Throw Icicle          Conj/Ice       ######..     2%          4    ##.....
d - Summon Ice Beast      Ice/Summ       ######..     3%          4    ##.....
e - Corpse Rot            Necr           N/A          1%          2    None
f - Apportation           Tloc           #.....       7%          1    None
g - Sublimation of Blood  Necr           ####......   1%          2    None
h - Ozocubu's Refrigerat  Ice            ######....   10%         6    ######.
i - Bolt of Cold          Conj/Ice       ######....   38%         6    ######.


Dungeon Overview and Level Annotations

Branches:
Dungeon (9/15)             Temple (1/1) D:6            Lair (6/6) D:9
  Swamp (0/4) Lair:4        Snake (0/4) Lair:2        Slime (0/5) Lair:6
    Orc: D:9-12

Altars:
Ashenzari
Cheibriados
Dithmenos
Elyvilon
Fedhas
Gozag
Hepliaklqana
Kikubaaqudgha
Makhleb
Nemelex Xobeh
Okawaru
Qazlal
Ru
Sif Muna
Trog
Uskayaw
Vehumet
Xom
Yredelemnul
Zin
The Shining One
Jiyva

Annotations:
D:3 letownia's ghost, weakling OpTm
Lair:5 exclusion: oklob plant
Lair:6 exclusion: door


Innate Abilities, Weirdness & Mutations

You cannot wear boots.
Your serpentine skin is tough. (AC +4)
You have supernaturally acute eyesight. (SInv)
Armour fits poorly on your strangely shaped body.
Your system is resistant to poisons. (rPois)
You cover ground very slowly.
You have a slow metabolism.
You can spit poison.
You can use your snake-like lower body to constrict enemies.
You have a pair of small horns on your head.
Your tail ends in a poisonous barb.
You are partially covered in large bone plates. (SH +4)
You are partially covered in yellow scales. (AC +2)
You possess an exceptional clarity of mind.
You are resistant to hostile enchantments. (MR+)
You are covered in fur. (AC +1)
You evolve.


Message History

Okay, then.
Unknown command.
As you read the scroll of fear, it crumbles to dust.
You assume a fearsome visage.
The polar bear looks frightened!
The black bear looks frightened!
The polar bear looks frightened!
The black bear looks frightened!
The polar bear looks frightened!
The six-headed hydra easily resists.
The black bear looks frightened!
The raiju looks frightened!
The hell hound is unaffected.
The wolf looks frightened!
The warg looks frightened!
Your icy armour evaporates.
The wolf moves out of view.
You block the six-headed hydra's attack.
The six-headed hydra bites you!
* * * LOW HITPOINT WARNING * * *
You block the six-headed hydra's attack.
The six-headed hydra bites you!
* * * LOW HITPOINT WARNING * * *
The six-headed hydra bites you!
You die...
Xom guffaws!

..#.#..#
.......#
.......#
########
#
#.#####
##h.h.#
#..h@h#
##.hD##
#.h.##
.hh##
..##. .
. . ∆ .h


You could see a six-headed hydra, 3 polar bears, a raiju (fleeing), a warg
(fleeing), a hell hound and 3 black bears.

Vanquished Creatures
  A hydra (Lair:5)
  A death yak (Lair:5)
  2 two-headed ogres
  The ghost of bufferunderpants the Spear-Bearer, a novice MfVM (D:7)
  Pikel (D:4)
  5 elephants
  4 black mambas
  10 spiny frogs
  4 komodo dragons
  A troll (D:8)
  2 hornets (Lair:6)
  2 hippogriffs
  A blink frog (Lair:4)
  4 yaks
  2 basilisks (Lair:1)
  A wyvern (Lair:4)
  Eustachio (D:6)
  A steam dragon (D:7)
  A warg (Lair:6)
  13 water moccasins
  4 porcupines
  2 orc warriors
  3 ice beasts
  A slave (D:4)
  A sky beast (D:5)
  2 phantoms
  A black bear (D:9)
  A necrophage (D:8)
  An eye of draining (D:8)
  3 ogres
  16 wolves
  2 crocodiles
  4 centaurs
  2 big kobolds
  An elf zombie (D:5)
  Blork the orc (D:6)
  7 bullfrogs
  2 elf skeletons (D:5)
  2 scorpions (D:6)
  An electric eel (D:9)
  3 howler monkeys
  4 crimson imps
  7 hounds
  A bullfrog zombie (D:5)
  A centaur zombie (D:6)
  2 human zombies (Ossuary)
  4 orc wizards
  2 orc priests
  Jessica (D:2)
  Ijyb (D:5)
  Terence (D:2)
  Natasha (thrice) (D:4)
  4 iguanas
  7 worker ants
  A big kobold zombie (Ossuary)
  A hound zombie (D:5)
  A hound skeleton (D:4)
  6 mummies
  Robin (D:2)
  A howler monkey skeleton (D:4)
  18 adders
  12 gnolls
  An ufetubus (D:5)
  3 oozes
  A worm (D:3)
  2 dart slugs
  4 leopard geckos
  29 orcs
  5 bats
  8 giant cockroaches
  2 gnoll zombies (Ossuary)
  12 goblins
  6 hobgoblins
  12 jackals
  6 quokkas
  6 ball pythons
  7 frilled lizards
  A giant cockroach zombie (D:5)
  A goblin zombie (Ossuary)
  16 kobolds
  A kobold zombie (Ossuary)
  3 orc skeletons (D:5)
  An orc zombie (Ossuary)
  2 quokka skeletons
  13 rats
  2 plants (Lair:6)
341 creatures vanquished.

Vanquished Creatures (collateral kills)
  2 hydras
  A death yak (Lair:5)
  3 elephants
  2 black mambas
  2 blink frogs (Lair:4)
  3 hippogriffs
  11 yaks
  A basilisk (Lair:4)
  4 hogs (D:7)
  Grum (D:8)
  A hungry ghost (D:8)
  A human (D:7)
  6 water moccasins
  Duvessa (D:7)
  An ice beast (D:8)
  2 porcupines
  An orc warrior (D:7)
  A wolf (Lair:2)
  A phantom (D:7)
  A crocodile (D:9)
  2 bullfrogs
  Dowan (D:7)
  2 howler monkeys (D:9)
  A crimson imp (D:8)
  A hound (D:9)
  An orc wizard (D:9)
  An orc priest (D:7)
  A worker ant (D:6)
  A killer bee zombie (D:6)
  2 adders
  A shadow imp (D:6)
  An ooze (D:6)
  An adder skeleton (D:7)
  4 orcs
  4 jackals (D:6)
  A quokka (D:7)
  2 kobolds (D:7)
73 creatures vanquished.

Vanquished Creatures (others)
  A centaur skeleton (D:4)
  A worker ant (D:4)
  An ooze (D:4)
  4 fungi (Lair:6)
  7 plants
14 creatures vanquished.

Grand Total: 428 creatures vanquished

Notes
Turn   | Place    | Note
-------+----------+-------------------------------------------
     0 | D:1      | Jannitor the Naga Ice Elementalist began the quest for the Orb.
     0 | D:1      | Reached XP level 1. HP: 15/15 MP: 3/3
   174 | D:1      | Reached XP level 2. HP: 16/22 MP: 0/5
   775 | D:1      | Reached XP level 3. HP: 28/28 MP: 4/6
  1089 | D:2      | Reached skill level 4 in Ice Magic
  1449 | D:2      | Noticed Terence
  1464 | D:2      | Killed Terence
  1464 | D:2      | Reached XP level 4. HP: 29/36 MP: 1/7
  1586 | D:2      | Noticed Robin
  1627 | D:2      | Killed Robin
  1947 | D:3      | Reached skill level 5 in Stealth
  2025 | D:3      | Noticed letownia's ghost (weakling OpTm)
  2051 | D:2      | Noticed Jessica
  2055 | D:2      | Killed Jessica
  2055 | D:2      | Reached XP level 5. HP: 38/42 MP: 5/8
  2102 | D:2      | Reached skill level 5 in Ice Magic
  3001 | D:4      | Noticed Natasha
  3007 | D:4      | Killed Natasha
  3007 | D:4      | Reached XP level 6. HP: 46/49 MP: 5/9
  3213 | D:3      | Reached skill level 6 in Ice Magic
  3762 | D:4      | Noticed Natasha
  3768 | D:4      | Killed Natasha
  3861 | D:4      | Noticed Natasha
  3867 | D:4      | Killed Natasha
  3872 | D:4      | Noticed a phantom
  3888 | D:4      | Killed a phantom
  3888 | D:4      | Reached XP level 7. HP: 55/55 MP: 10/10
  3893 | D:4      | Learned a level 3 spell: Ozocubu's Armour
  3898 | D:4      | Learned a level 4 spell: Throw Icicle
  3983 | D:4      | Reached skill level 7 in Ice Magic
  4107 | D:4      | Noticed Pikel
  4119 | D:4      | Killed Pikel
  4119 | D:4      | Reached XP level 8. HP: 34/62 MP: 5/12
  4587 | D:5      | Entered Level 5 of the Dungeon
  4625 | D:5      | Reached skill level 8 in Ice Magic
  4783 | D:5      | Noticed Ijyb
  4788 | D:5      | Killed Ijyb
  4888 | D:5      | Found a sand-covered staircase.
  4966 | Ossuary  | Entered an ossuary
  5030 | Ossuary  | Learned a level 4 spell: Summon Ice Beast
  5471 | Ossuary  | Reached skill level 1 in Summonings
  5579 | D:5      | Noticed Grinder
  5583 | D:5      | Noticed Grinder
  5583 | D:5      | Grinder changed into Grinder the ufetubus
  5606 | D:5      | Killed Grinder the ufetubus
  5687 | D:5      | Noticed a hand axe
  5688 | D:5      | Noticed a dagger
  5691 | D:5      | Found a hide-covered altar of Uskayaw.
  5902 | D:5      | Reached XP level 9. HP: 55/68 MP: 2/15
  6089 | D:5      | Reached skill level 9 in Ice Magic
  6923 | D:6      | Found a burning altar of Makhleb.
  6937 | D:6      | Noticed Eustachio
  6941 | D:6      | Found a staircase to the Ecumenical Temple.
  6945 | D:6      | Killed Eustachio
  6958 | D:6      | Reached skill level 5 in Spellcasting
  6963 | Temple   | Entered the Ecumenical Temple
  7275 | Temple   | Became a worshipper of Xom of Malevolent Giggling
  7332 | D:6      | Noticed Blork the orc
  7342 | D:6      | Killed Blork the orc
  7378 | D:6      | XOM: harmless Fire miscast
  7410 | D:6      | XOM: divination: detect creatures
  7517 | D:6      | XOM: harmless Tmut miscast
  7792 | D:6      | Reached skill level 10 in Ice Magic
  7825 | D:6      | XOM: mild Pois miscast
  7913 | D:6      | XOM: polymorph ice beast -> water moccasin
  8324 | D:6      | XOM: god gift: 4 needles of confusion
  8350 | D:6      | XOM: polymorph ice beast -> black mamba
  8422 | D:6      | XOM: god gift: thin jewelled staff {god gift}
  8535 | D:7      | XOM: god gift: 29 gold pieces
  8666 | D:7      | XOM: summons 9 friendly demons
  8670 | D:7      | XOM: scenery: create altars
  8672 | D:7      | Reached skill level 1 in Staves
  8672 | D:7      | Reached XP level 10. HP: 30/75 MP: 9/19
  8953 | D:7      | Reached skill level 1 in Evocations
  9069 | D:7      | XOM is BORED!
  9069 | D:7      | XOM: mild Summ miscast
  9081 | D:7      | XOM: summons 7 friendly demons
  9152 | D:7      | Found an opulent altar of Gozag.
  9221 | D:7      | Noticed Dowan
  9223 | D:7      | Noticed Duvessa
  9229 | D:7      | Killed Dowan
  9234 | D:7      | Killed Duvessa
  9383 | D:7      | Found a shadowy altar of Dithmenos.
  9391 | D:7      | Noticed bufferunderpants's ghost (novice MfVM)
  9412 | D:7      | Killed bufferunderpants's ghost
  9412 | D:7      | Reached skill level 1 in Fighting
  9424 | D:7      | XOM: scenery: 2 doors close
  9666 | D:8      | Noticed Grum
  9670 | D:8      | Noticed a two-headed ogre
  9755 | D:7      | HP: 1/78 [orc warrior/glaive (23)]
  9808 | D:7      | XOM: cloud trail
  9869 | D:7      | XOM: scenery: create altars
  9887 | D:7      | XOM: give mutations
  9887 | D:7      | Gained mutation: You can exhale a cloud of poison. [Xom's grace]
  9887 | D:7      | Gained mutation: You possess an exceptional clarity of mind. [Xom's grace]
  9887 | D:7      | Gained mutation: You evolve. [Xom's grace]
 10094 | D:8      | XOM: god gift: book of Cantrips
 10098 | D:8      | Learned a level 2 spell: Corpse Rot
 10100 | D:8      | Learned a level 1 spell: Apportation
 10151 | D:8      | XOM: summons 9 friendly demons
 10181 | D:8      | XOM: summons 2 friendly demons
 10342 | D:8      | XOM: give mutations
 10342 | D:8      | Gained mutation: Your muscles are strong. (Str +2) [Xom's grace]
 10342 | D:8      | Gained mutation: Your tail ends in a poisonous barb. [Xom's grace]
 10381 | D:8      | XOM: divination: detect creatures
 10479 | D:8      | Found a snail-covered altar of Cheibriados.
 10624 | D:8      | Found a hazy altar of Hepliaklqana.
 10759 | D:8      | Killed Grum
 10893 | D:8      | XOM: butterfly on damage
 10894 | D:8      | Killed a two-headed ogre
 10905 | D:8      | XOM: polymorph ice beast -> salamander
 11201 | D:8      | Found a stormy altar of Qazlal.
 11220 | D:8      | Reached XP level 11. HP: 90/90 MP: 1/23
 11331 | D:8      | XOM: give mutations
 11331 | D:8      | Gained mutation: You have a pair of small antennae on your head. [Xom's grace]
 11331 | D:8      | Gained mutation: Your muscles are very strong. (Str +4) [Xom's grace]
 11331 | D:8      | Gained mutation: You are partially covered in yellow scales. (AC +2) [Xom's grace]
 11429 | D:8      | Learned a level 2 spell: Sublimation of Blood
 11506 | D:8      | XOM: divination: magic mapping
 11649 | D:8      | XOM: give mutations
 11649 | D:8      | Gained mutation: You are covered in fur. (AC +1) [Xom's grace]
 11649 | D:8      | Gained mutation: You are resistant to hostile enchantments. (MR+) [Xom's grace]
 11649 | D:8      | Gained mutation: You are agile. (Dex +2) [Xom's grace]
 11649 | D:8      | Gained mutation: You have a pair of antennae on your head. [Xom's grace]
 11794 | D:8      | Found a basalt altar of Yredelemnul.
 11879 | D:8      | Reached skill level 1 in Necromancy
 12040 | D:8      | XOM: give mutations
 12040 | D:8      | Lost mutation: Your muscles are very strong. (Str +4) [Xom's mischief]
 12040 | D:8      | Lost mutation: You possess an exceptional clarity of mind. [Xom's mischief]
 12040 | D:8      | Lost mutation: You can exhale a cloud of poison. [Xom's mischief]
 12040 | D:8      | Lost mutation: You have a pair of antennae on your head. [Xom's mischief]
 12049 | D:8      | XOM: harmless Erth miscast
 12332 | D:9      | Found a staircase to the Lair.
 12597 | D:9      | XOM: mild Ice miscast
 12598 | D:9      | XOM: summons 3 hostile demons
 12843 | D:9      | Noticed a two-headed ogre
 12848 | D:9      | Killed a two-headed ogre
 13039 | D:9      | XOM: medium Air miscast
 13066 | D:9      | XOM: harmless Tloc miscast
 13125 | D:9      | XOM: harmless Erth miscast
 13135 | D:9      | Found an iron altar of Okawaru.
 13236 | D:9      | XOM: harmless Pois miscast
 13562 | D:9      | XOM: scenery: create altars
 13588 | D:9      | XOM: give mutations
 13588 | D:9      | Gained mutation: You possess an exceptional clarity of mind. [Xom's grace]
 13588 | D:9      | Gained mutation: Your muscles are very strong. (Str +4) [Xom's grace]
 13588 | D:9      | Gained mutation: You are partially covered in large bone plates. (SH +4) [Xom's grace]
 13588 | D:9      | Gained mutation: Your spells are a little harder to cast, but a little more powerful. [Xom's grace]
 13611 | Lair:1   | Entered Level 1 of the Lair of Beasts
 13705 | Lair:1   | Learned a level 6 spell: Ozocubu's Refrigeration
 13723 | Lair:1   | Noticed a four-headed hydra
 13724 | Lair:1   | XOM: fake destruction
 13731 | Lair:1   | Killed a four-headed hydra
 13975 | Lair:1   | XOM: god gift: wand of scattershot (?/9) {god gift}
 14704 | Lair:2   | XOM: give mutation
 14731 | Lair:2   | XOM: medium Air miscast
 14787 | Lair:2   | Found a staircase to the Snake Pit.
 14947 | Lair:2   | XOM: 7-stop teleportation journey
 15319 | Lair:2   | Reached skill level 5 in Evocations
 15506 | Lair:2   | XOM: harmless Fire miscast
 15638 | Lair:2   | XOM: confuse monster(s)
 15701 | Lair:2   | XOM: harmless Pois miscast
 15829 | Lair:3   | Reached skill level 1 in Shields
 15836 | Lair:3   | XOM: divination: detect items
 15841 | Lair:3   | XOM: enchant monster (good)
 15848 | Lair:3   | Reached skill level 5 in Staves
 15853 | Lair:3   | Reached XP level 12. HP: 62/100 MP: 6/24
 16436 | Lair:3   | XOM: give mutation
 16436 | Lair:3   | Lost mutation: You have a pair of small antennae on your head. [Xom's mischief]
 17113 | Lair:3   | XOM: stat loss: -1 Int (19/20)
 17363 | Lair:3   | XOM: medium Necr miscast
 17544 | Lair:4   | XOM: torment (51/100 hp)
 17761 | Lair:4   | XOM is BORED!
 17761 | Lair:4   | XOM: 1-stop teleportation journey
 17827 | Lair:4   | Found a staircase to the Swamp.
 18314 | Lair:4   | Noticed a five-headed hydra
 18325 | Lair:4   | Killed a five-headed hydra
 18534 | Lair:4   | XOM: summons 1 hostile demon
 18588 | Lair:4   | XOM: give mutation
 18588 | Lair:4   | Gained mutation: You have a pair of small horns on your head. [Xom's mischief]
 18680 | Lair:5   | XOM: give mutations
 18680 | Lair:5   | Lost mutation: You are agile. (Dex +2) [Xom's mischief]
 18680 | Lair:5   | Lost mutation: Your muscles are very strong. (Str +4) [Xom's mischief]
 18680 | Lair:5   | Lost mutation: Your muscles are strong. (Str +2) [Xom's mischief]
 18680 | Lair:5   | Lost mutation: Your spells are a little harder to cast, but a little more powerful. [Xom's mischief]
 18808 | Lair:5   | Noticed a seven-headed hydra
 18815 | Lair:5   | Killed a seven-headed hydra
 18933 | Lair:5   | XOM: noise
 19060 | Lair:5   | Reached skill level 11 in Ice Magic
 19074 | Lair:5   | XOM: cloud trail
 19110 | Lair:5   | XOM: enchant monster (good)
 19196 | Lair:5   | XOM: god gift: shiny tourmaline ring {god gift}
 19255 | Lair:5   | XOM is BORED!
 19255 | Lair:5   | XOM: medium Conj miscast
 19300 | Lair:5   | XOM: 1-stop teleportation journey
 19875 | Lair:6   | Entered Level 6 of the Lair of Beasts
 19875 | Lair:6   | Noticed a death yak
 19875 | Lair:6   | Noticed a death yak
 19875 | Lair:6   | Noticed a death yak
 19875 | Lair:6   | Noticed a death yak
 19875 | Lair:6   | Noticed a death yak
 19889 | Lair:5   | Killed a death yak
 19896 | Lair:5   | Killed a death yak
 19896 | Lair:5   | Reached skill level 5 in Fighting
 19896 | Lair:5   | Reached skill level 5 in Shields
 20066 | Lair:6   | XOM: divination: detect items
 20210 | Lair:6   | XOM: blink monster(s)
 20213 | Lair:6   | Found a staircase to the Slime Pits.
 20213 | Lair:6   | Found a viscous altar of Jiyva.
 20450 | Lair:6   | Gained mutation: You can use your snake-like lower body to constrict enemies. [Naga growth]
 20450 | Lair:6   | Reached XP level 13. HP: 96/109 MP: 20/26
 20506 | Lair:6   | XOM: god gift: leather armour {god gift}
 20577 | Lair:6   | XOM: enchant monster (good)
 20624 | Lair:6   | Learned a level 6 spell: Bolt of Cold
 20775 | Lair:6   | XOM: torment (62/110 hp)
 21109 | Lair:6   | Found a runed door.
 21121 | Lair:6   | Noticed an ice dragon
 21159 | Lair:6   | Slain by a six-headed hydra

Skill      XL: |  1  2  3  4  5  6  7  8  9 10 11 12 13 |
---------------+----------------------------------------+-----
Ice Magic      | 4 5 6 7 8 10 11 | 11.3
Stealth        | 4 5 7 8 9 |  9.2
Spellcasting   | 3 4 6 8 9 |  9.8
Summonings     | 2 |  2.6
Staves         | 1 3 5 6 7 |  7.1
Evocations     | 3 5 |  5.0
Conjurations   | 3 4 |  4.4
Fighting       | 3 4 5 |  5.7
Dodging        | 2 4 |  4.4
Necromancy     | 3 4 |  4.1
Shields        | 1 5 |  5.3

Action                   |  1- 3 |  4- 6 |  7- 9 | 10-12 | 13-15 || total
-------------------------+-------+-------+-------+-------+-------++-------
Melee: Unarmed           |     3 |       |       |     6 |       ||     9
       Dagger            |    14 |    37 |   366 |    35 |       ||   452
       Staff             |       |       |     3 |   269 |    35 ||   307
       Tailslap          |       |       |       |    41 |     2 ||    43
       Headbutt          |       |       |       |     8 |    12 ||    20
       Constrict         |       |       |       |       |     6 ||     6
 Cast: Freeze            |    55 |   113 |   115 |   204 |    10 ||   497
       Ozocubu's Armour  |       |       |    11 |    44 |     7 ||    62
       Summon Ice Beast  |       |       |    14 |    75 |     4 ||    93
       Throw Icicle      |       |       |     1 |    90 |    14 ||   105
       Sublimation of Bl |       |       |       |    11 |       ||    11
       Corpse Rot        |       |       |       |     1 |       ||     1
       Ozocubu's Refrige |       |       |       |       |     3 ||     3
 Abil: Spit Poison       |     3 |       |     1 |     5 |       ||     9
       Breathe Poison Ga |       |       |       |     7 |       ||     7
Evoke: Wand              |       |     5 |    20 |     2 |       ||    27
  Use: Potion            |     1 |       |     8 |     4 |       ||    13
       Scroll            |       |     4 |    13 |     6 |     2 ||    25
 Stab: Sleeping          |     2 |     5 |    21 |     4 |       ||    32
       Paralysed         |       |     5 |     9 |     4 |       ||    18
       Distracted        |       |       |     2 |     2 |       ||     4
       Invisible         |       |       |       |     4 |       ||     4
       Petrified         |       |       |       |     5 |     3 ||     8
       Petrifying        |       |       |       |       |     3 ||     3
  Eat: Chunk             |     1 |     9 |     9 |    29 |     3 ||    51
       Bread ration      |       |       |     1 |     5 |       ||     6
       Fruit             |       |       |     1 |       |       ||     1
       Royal jelly       |       |       |       |     1 |       ||     1
Armor: Robe              |    10 |    39 |   183 |   300 |    17 ||   549
       Skin              |       |       |    14 |     1 |       ||    15
Dodge: Dodged            |    47 |    60 |   195 |   222 |    14 ||   538
Block: Other             |       |       |       |    14 |       ||    14
       Buckler           |       |       |       |    90 |    17 ||   107
